 Dungeon Crawl Stone Soup version 0.31-a0-1612-g4aaf141004 (webtiles) character file.

Game seed: 17949120565955019837

267 GordonOverkill the Sneak (level 6, 0/32 HPs)
             Began as a Spriggan Delver on Jan 8, 2024.
             Incinerated by a bombardier beetle (6 damage)
             ... with a burning spray
             ... on level 6 of the Dungeon on Jan 9, 2024.
             The game lasted 00:11:16 (2925 turns).

GordonOverkill the Sneak (Spriggan Delver)          Turns: 2925, Time: 00:11:16

Health: 0/32       AC:  3    Str: 14    XL:     6   Next: 0%
Magic:  11/11      EV: 17    Int: 13    God:
Gold:   151        SH:  0    Dex: 17    Spells: 11/11 levels left

rFire   . . .        a - +1 short sword
rCold   . . .        (no shield)
rNeg    . . .        b - +1 robe
rPois   .            (helmet restricted)
rElec   .            (no cloak)
rCorr   .            (gloves unavailable)
SInv    +            (boots unavailable)
Will    +....        (no amulet)
Stlth   ++           e - +6 ring of strength
HPRegen 0.25/turn    (no ring)
MPRegen 0.12/turn

%: no passive effects
@: on fire, glowing, very quick
A: very small, no large weapons, unfitting armour, see invisible, speed 3
a: no special abilities


You were on level 6 of the Dungeon.
You visited 1 branch of the dungeon, and saw 6 of its levels.

You collected 226 gold pieces.
You spent 75 gold pieces at shops.

Inventory:

Hand Weapons
 a - a +1 short sword (weapon)
Missiles
 n - a boomerang (quivered)
Armour
 b - a +1 robe (worn)
Jewellery
 e - a +6 ring of strength (left hand)
Wands
 k - a wand of roots (11)
 m - a wand of polymorph (2)
Scrolls
 c - 2 scrolls of fog
 d - a scroll of revelation
 i - a scroll of identify
 j - a scroll of enchant weapon
Potions
 f - a potion of ambrosia
 g - a potion of mutation {unknown}
 p - 2 potions of enlightenment
 r - a potion of attraction
 t - a potion of cancellation


   Skills:
 - Level 3.0 Fighting
 - Level 2.1 Short Blades
 - Level 2.6 Dodging
 - Level 7.2 Stealth
 - Level 3.0 Spellcasting
 - Level 3.0 Conjurations
 - Level 1.0 Fire Magic
 + Level 1.5 Air Magic


You had 11 spell levels left.
You didn't know any spells.
Your spell library contained the following spells:

 Spells                   Type           Power      Damage    Failure   Level
 Shock                    Conj/Air       28%        1d4       9%          1
 Sublimation of Blood     Necr           1%         N/A       34%         2
 Swiftness                Air            5%         N/A       36%         3
 Airstrike                Air            2%         2d(1-17)  77%         4
 Petrify                  Alch/Erth      1%         N/A       92%         4
 Irradiate                Conj/Alch      2%         3d12      98%         5


Dungeon Overview and Level Annotations

Branches:
Dungeon (6/15)
 Temple: D:4-7

Altars:
Elyvilon
Zin
The Shining One

Shops:
D:1 :(*(*

Annotations:
D:5 Pikel


Innate Abilities, Weirdness & Mutations

You are very small and have problems with some larger weapons.
You are too small for most types of armour.
You have supernaturally acute eyesight. (SInv)
You cover ground extremely quickly. (Speed+++)


Message History

The bombardier beetle bites you.
You hit the bombardier beetle.
The bombardier beetle is moderately wounded.
The liquid fire burns you!
You feel less invigorated.
You feel less confused.
Aiming: Fastroot
Press: ? - help, Shift-Dir - straight line The roots erupt in riotous growth!
Roots grab the bombardier beetle.
The liquid fire burns you!
The grasping roots constrict the bombardier beetle.
The bombardier beetle completely misses you.
You hit the bombardier beetle.
The bombardier beetle is heavily wounded.
The liquid fire burns you!
The grasping roots constrict the bombardier beetle.
The bombardier beetle bites you.
* * * LOW HITPOINT WARNING * * *
You hit the bombardier beetle but do no damage.
The bombardier beetle is heavily wounded.
The liquid fire burns you!
* * * LOW HITPOINT WARNING * * *
The grasping roots constrict the bombardier beetle.
The roots release their grip on the bombardier beetle.
You hit the bombardier beetle.
The bombardier beetle is almost dead.
The liquid fire burns you!
* * * LOW HITPOINT WARNING * * *
The bombardier beetle sprays incendiary fluid at you.
The burning spray hits you.
You are even more covered in liquid fire!
You barely miss the bombardier beetle.
The bombardier beetle is almost dead.
The liquid fire burns you!
* * * LOW HITPOINT WARNING * * *
Aiming: Fastroot
Press: ? - help, Shift-Dir - straight line The roots erupt in riotous growth!
Roots grab the bombardier beetle.
The liquid fire burns you!
You die...

## .h >.
###########.#
#.........#.#
#.........#.#
#...B.....#.#
#..@......<.#
#...........#
#...........#
#...........#
#...........#
#..........##
##.#######+#
#.


You could see a bombardier beetle (rooted).

Vanquished Creatures
  A black bear (D:6)
  A hound (D:5)
  A bombardier beetle (D:3)
  An orc wizard (D:3)
  2 adders
  2 dart slugs
  A ribbon worm (D:2)
  7 orcs
  4 endoplasms
  3 giant cockroaches
  4 goblins (D:1)
  4 hobgoblins
  2 jackals (D:3)
  2 kobolds (D:1)
  5 quokkas
  3 ball pythons
  5 bats
  4 frilled lizards
  2 rats
54 creatures vanquished.

Notes
Turn   | Place    | Note
-------+----------+-------------------------------------------
     0 | D:5      | GordonOverkill the Spriggan Delver began the quest for the
                  | Orb.
     0 | D:5      | Reached XP level 1. HP: 11/11 MP: 2/2
    31 | D:5      | Noticed a lemure
    31 | D:5      | Noticed Pikel
    31 | D:5      | Noticed a lemure
    31 | D:5      | Noticed a lemure
    88 | D:6      | Noticed a black bear
    94 | D:6      | Killed a black bear
    95 | D:6      | Reached skill level 1 in Conjurations
    95 | D:6      | Reached XP level 2. HP: 12/16 MP: 2/7
    95 | D:6      | Reached XP level 3. HP: 16/20 MP: 2/8
    95 | D:6      | Reached XP level 4. HP: 19/24 MP: 2/9
   177 | D:6      | Noticed a bullfrog
   367 | D:5      | Noticed a lemure
   503 | D:4      | Found a glowing silver altar of Zin.
   590 | D:2      | Reached XP level 5. HP: 28/28 MP: 10/10
   773 | D:1      | Found Vimew's Antique Weapon Shoppe.
   832 | D:1      | Found Garghin's General Store.
   838 | D:1      | Bought a scroll of blinking for 75 gold pieces
   860 | D:1      | Found Campa's Weapon Emporium.
   898 | D:1      | Found Buzi's General Store.
  1059 | D:1      | Found Oneb's Book Boutique.
  1844 | D:2      | Found a glowing golden altar of the Shining One.
  2388 | D:3      | Reached skill level 1 in Fire Magic
  2417 | D:3      | Reached skill level 1 in Air Magic
  2777 | D:5      | Reached XP level 6. HP: 20/32 MP: 11/11
  2832 | D:5      | Noticed an ice beast
  2876 | D:4      | Found a white marble altar of Elyvilon.
  2925 | D:6      | Incinerated by a bombardier beetle

Illustrated notes

Levels and vault maps discovered:
D:1:      psy_arrival_terrarium, layout_loops_corners, serial_shops, shop,
          nicolae_shop_rolling_square, shop, shop, nicolae_shop_statue_plus
D:2:      layout_basic, basic_altar
D:3:      layout_basic, minmay_between
D:4:      layout_loops_corners, pdpol_temple_overflow_zin_treasury_gozag_greed,
          nicolae_overflow_hidden_temple, mainiacjoe_overflow_alcove_2,
          minmay_temple_entry_glass, uniq_grinder
D:5:      layout_loops_cross, uniq_pikel
D:6:      layout_basic, mainiacjoe_overflow_alcove_4,
          nicolae_vehumet_altar_sigil, uniq_sigmund, uniq_duvessa

Skill      XL: |  1  2  3  4  5 |
---------------+----------------+-----
Fighting       | 3 |  3.0
Spellcasting   | 3 |  3.0
Conjurations   | 1 2 3 |  3.0
Fire Magic     | 1 |  1.0
Air Magic      | 1 |  1.5
Short Blades   | |  2.1
Dodging        | |  2.6
Stealth        | |  7.2

Action                     |  1- 3 |  4- 6 || total
---------------------------+-------+-------++-------
  Melee: Short sword       |     5 |   200 ||   205
         Punch             |       |     2 ||     2
  Throw: Boomerang         |       |     1 ||     1
  Evoke: Wand              |       |     6 ||     6
    Use: Scroll            |       |    13 ||    13
         Potion            |       |     2 ||     2
   Stab: Sleeping          |     1 |    22 ||    23
 Armour: Robe              |     1 |    57 ||    58
  Dodge: Dodged            |     5 |   128 ||   133

Table legend: (Time is in decaauts)
 A = Elapsed time spent in this place.
 B = Non-inter-level travel time spent in this place.
 C = Inter-level travel time spent in this place.
 D = Time resting spent in this place.
 E = Time spent auto-exploring this place.
 F = Levels seen in this place.
 G = Mean time per level.
                   A        B        C        D        E       F      G
               +--------+--------+--------+--------+--------+-----+--------+
         Total |   2002 |   1926 |     76 |    334 |    688 |   6 |  333.7 |
       Dungeon |   2002 |   1926 |     76 |    334 |    688 |   6 |  333.7 |
               +--------+--------+--------+--------+--------+-----+--------+

Top non-repeatable levels by time:
     D:1: 654 daAuts
     D:3: 498 daAuts
     D:2: 364 daAuts
     D:5: 234 daAuts
     D:6: 129 daAuts
     D:4: 120 daAuts
